 Dungeon Crawl Stone Soup version 0.28-a0-268-g3f656e82c2 (webtiles) character file.

Game seed: 7236370903379715404

97 Lochraine the Chopper (level 4, -3/41 HPs)
             Began as a Hill Orc Monk on Aug 28, 2021.
             Killed by nerve-wracking pain
             ... invoked by Grinder
              (11 damage)
             ... on level 3 of the Dungeon.
             The game lasted 00:04:42 (3574 turns).

Lochraine the Chopper (Hill Orc Monk)               Turns: 3574, Time: 00:04:43

Health: -3/41      AC: 12    Str: 14    XL:     4   Next: 68%
Magic:  4/4        EV:  6    Int: 10    God:
Gold:   142        SH:  5    Dex: 13    Spells: 3/3 levels left

rFire   . . .      SeeInvis .   a - +0 hand axe
rCold   . . .      Faith    .   r - +2 buckler
rNeg    . . .      Spirit   .   j - +0 chain mail
rPois   .          Reflect  .   (no helmet)
rElec   .          Harm     .   (no cloak)
rCorr   .          Rampage  .   (no gloves)
Will    +....                   (no boots)
Stlth   ..........              (no amulet)
HPRegen 0.13/turn               v - +4 ring of protection
MPRegen 0.09/turn               t - ring of willpower

@: hasted (expiring), very quick
A: no striking features
a: no special abilities


You were on level 3 of the Dungeon.
You visited 1 branch of the dungeon, and saw 3 of its levels.

You collected 142 gold pieces.

Inventory:

Hand Weapons
 a - a +0 hand axe (weapon)
Armour
 b - a +0 robe
 f - a +0 leather armour
   (You found it on level 1 of the Dungeon)
 j - a +0 chain mail (worn)
   (You found it on level 2 of the Dungeon)
 r - a +2 buckler (worn)
   (You found it on level 3 of the Dungeon)
Jewellery
 p - a ring of wizardry
   (You found it on level 2 of the Dungeon)
 t - a ring of willpower (right hand)
   (You found it on level 3 of the Dungeon)
 v - a +4 ring of protection (left hand)
   (You found it on level 3 of the Dungeon)
Scrolls
 c - a scroll of blinking {unknown}
 e - a scroll of enchant weapon {unknown}
 g - a scroll of vulnerability {unknown}
 i - a scroll of immolation {!r}
 k - a scroll of teleportation {unknown}
 n - a scroll of magic mapping {unknown}
 q - a scroll of holy word {unknown}
 s - a scroll of torment {unknown}
 u - a scroll of noise {unknown}
Potions
 h - a potion of curing {unknown}
 l - 2 potions of lignification {!q}
 o - a potion of magic {unknown}


   Skills:
 + Level 4.5 Fighting
 + Level 5.0 Axes
 + Level 1.2 Armour
 + Level 3.1 Dodging
 - Level 1.5 Stealth
 + Level 0.7 Shields


You had 3 spell levels left.
You didn't know any spells.
Your spell library was empty.

Dungeon Overview and Level Annotations

Branches:
Dungeon (3/15)

Altars:
Trog

Annotations:
D:3 2 transporters, 1 runed translucent door, Grinder; hjaiej13's ghost, amateur TeAE


Message History

You closely miss Grinder. Grinder hits you!
* * * LOW HITPOINT WARNING * * *
You writhe in agony.
* * * LOW HITPOINT WARNING * * *
You are too injured to fight recklessly!
You are too injured to fight recklessly!
You closely miss Grinder. Grinder hits you!
* * * LOW HITPOINT WARNING * * *
You hit Grinder but do no damage. You block Grinder's attack.
You completely miss Grinder. You hit Grinder.
Grinder hits you but does no damage.
You feel much better. Grinder hits you but does no damage.
You barely miss Grinder. You hit Grinder. Grinder gestures at you.
You easily resist.
You hit Grinder. You block Grinder's attack.
You hit Grinder but do no damage. Grinder hits you.
You closely miss Grinder. You hit Grinder. Grinder barely misses you.
You hit Grinder but do no damage. Grinder hits you but does no damage.
You hit Grinder. Grinder gestures at you. You resist with some effort.
Okay, then.
You closely miss Grinder. You hit Grinder. Grinder gestures at you.
You easily resist.
Your chain mail prevents you from hitting Grinder.
Grinder hits you.
* * * LOW HITPOINT WARNING * * *
You hit Grinder. Grinder hits you but does no damage.
You closely miss Grinder. You hit Grinder. You block Grinder's attack.
You hit Grinder but do no damage.
Grinder blinks!
You completely miss Grinder. Grinder hits you.
* * * LOW HITPOINT WARNING * * *
You writhe in agony.
* * * LOW HITPOINT WARNING * * *
You hit Grinder.
Grinder blinks!
Grinder gestures at you. Pain shoots through your body!
* * * LOW HITPOINT WARNING * * *
You completely miss Grinder. You block Grinder's attack.
You hit Grinder.
Your extra speed is starting to run out.
Grinder gestures at you. Pain shoots through your body!
You die...

#...........# #.# #.#
#####.####### #.###.# #.#
##########.#...# #.#
#...............
#.#########.#####.##...#..
###.............###.###.....
#..[......ยง...#.............
#.#..####.................#.
#.........#@#######.###.####
#....####..5#### #.# #.# #
#..............# #.# #.# #
#..#.#########)####... .
#..#.######........... #
#..#...........#######
#..####........##### #..#
#............# #..#
##.##...####.#


You could see Grinder.

Vanquished Creatures
  3 adders (D:3)
  4 dart slugs
  4 endoplasms
  3 giant cockroaches
  6 goblins
  7 hobgoblins
  8 kobolds
  2 quokkas
  8 ball pythons
  2 bats
  8 frilled lizards
  4 rats
59 creatures vanquished.

Notes
Turn   | Place    | Note
-------+----------+-------------------------------------------
     0 | D:1      | Lochraine the Hill Orc Monk began the quest for the Orb.
     0 | D:1      | Reached XP level 1. HP: 19/19 MP: 1/1
   252 | D:1      | Reached XP level 2. HP: 20/27 MP: 2/2
   878 | D:1      | Reached XP level 3. HP: 18/33 MP: 3/3
  1262 | D:1      | Found a faded altar of an unknown god.
  1978 | D:2      | Found a bloodstained altar of Trog.
  2860 | D:3      | Found a transporter.
  2879 | D:3      | Found a transporter.
  2908 | D:3      | Reached XP level 4. HP: 41/41 MP: 4/4
  3127 | D:3      | Reached skill level 1 in Armour
  3217 | D:3      | Found a runed translucent door.
  3218 | D:3      | Noticed a scorpion
  3219 | D:3      | Noticed hjaiej13's ghost (amateur TeAE)
  3323 | D:3      | Reached skill level 5 in Axes
  3525 | D:3      | Noticed Grinder
  3574 | D:3      | Killed from afar by Grinder

Illustrated notes

Levels and vault maps discovered:
D:1:      minmay_arrival_plants_in_alcoves, layout_basic,
          shapermc_ecumenical_altar_flowoftime, minmay_ruptured
D:2:      layout_basic, basic_altar
D:3:      gammafunk_steamed_eel, layout_loops_ring, ebering_ghost_inner_flame,
          amcnicky_mini_corridor_feature, uniq_grinder, uniq_crazy_yiuf_cottage

Skill      XL: |  1  2  3  4 |
---------------+-------------+-----
Fighting       | 4 |  4.5
Dodging        | 3 |  3.1
Armour         | 1 |  1.2
Axes           | 5 |  5.0
Stealth        | |  1.5
Shields        | |  0.7

Action                   |  1- 3 |  4- 6 || total
-------------------------+-------+-------++-------
Melee: Hand axe          |   134 |    95 ||   229
  Use: Scroll            |       |     3 ||     3
       Potion            |       |     2 ||     2
Armor: Robe              |    10 |       ||    10
       Chain mail        |    20 |    43 ||    63
Dodge: Dodged            |    49 |    17 ||    66
Block: Buckler           |     1 |    22 ||    23

Table legend: (Time is in decaauts)
 A = Elapsed time spent in this place.
 B = Non-inter-level travel time spent in this place.
 C = Inter-level travel time spent in this place.
 D = Time resting spent in this place.
 E = Time spent auto-exploring this place.
 F = Levels seen in this place.
 G = Mean time per level.
                   A        B        C        D        E       F      G
               +--------+--------+--------+--------+--------+-----+--------+
         Total |   3578 |   3366 |    212 |    214 |   2571 |   3 | 1192.7 |
       Dungeon |   3578 |   3366 |    212 |    214 |   2571 |   3 | 1192.7 |
               +--------+--------+--------+--------+--------+-----+--------+

Top non-repeatable levels by time:
     D:1: 1914 daAuts
     D:2: 947 daAuts
     D:3: 716 daAuts
